 Dungeon Crawl Stone Soup version 0.25-a0-589-g1e14c549ee (webtiles) character file.

Game seed: 18310283412397127549, levelgen mode: deterministic

1338 n0claF the Cleaver (level 8, -1/58 HPs)
             Began as a Demonspawn Fighter on Mar 12, 2020.
             Succumbed to a water moccasin's poison
             ... on level 6 of the Dungeon.
             The game lasted 00:21:00 (6626 turns).

n0claF the Cleaver (Demonspawn Fighter)             Turns: 6626, Time: 00:21:01

Health: -1/58      AC: 19    Str: 18    XL:     8   Next: 35%
Magic:  5/8        EV:  8    Int: 10    God:
Gold:   275        SH:  9    Dex: 13    Spells: 7/7 levels left

rFire    + + +     SeeInvis .   a - +0 war axe
rCold    x . .     Gourm    .   c - +0 kite shield
rNeg     . . .     Faith    .   w - +1 ring mail "Zyrepn" {+Fly rF++ rC- MR-}
rPois    .         Spirit   +   (no helmet)
rElec    .         Reflect  .   (no cloak)
rCorr    .         Harm     .   (no gloves)
MR       .....                  g - +1 pair of boots
Stlth    +.........             (no amulet)
HPRegen  0.19/turn              (no ring)
MPRegen  0.11/turn              (no ring)

@: lethally poisoned (-1 -> -17), sanguine armour, flying
A: claws 1, fire resistance 2, shaggy fur 1, evolution 1, magic shield, sanguine
armour 2
a: no special abilities


You were on level 6 of the Dungeon.
You were not hungry.

You visited 1 branch of the dungeon, and saw 6 of its levels.

You collected 275 gold pieces.

Inventory:

Hand Weapons
 a - a +0 war axe (weapon)
 h - a +2 flail of protection
   (You took it off an orc on level 6 of the Dungeon)
Missiles
 v - 3 poisoned darts (quivered)
Armour
 c - a +0 kite shield (worn)
 f - +0 ice dragon scales
   (You found it on level 1 of the Dungeon)
 g - a +1 pair of boots (worn)
   (You found it on level 1 of the Dungeon)
 w - the +1 ring mail "Zyrepn" (worn) {+Fly rF++ rC- MR-}
   (You took it off an orc priest on level 4 of the Dungeon)

   It greatly protects you from fire.
   It makes you vulnerable to cold.
   It affects your resistance to hostile enchantments.
   It lets you fly.
Wands
 t - a wand of flame (21)
   (You found it on level 5 of the Dungeon)
Scrolls
 d - a scroll of magic mapping {unknown}
 j - a scroll of blinking {unknown}
 l - 3 scrolls of identify {@r1}
 m - 2 scrolls of enchant armour
 x - 4 scrolls of remove curse {@r2}
Potions
 b - a potion of lignification {unknown}
 i - a potion of heal wounds {unknown}
 k - 5 potions of brilliance
 n - a potion of resistance {unknown}
 o - a potion of curing {unknown}
 p - a potion of mutation {!q}
 q - 2 potions of flight
 r - 2 potions of magic
 s - a potion of cancellation {unknown}
 u - a potion of stabbing {unknown}
Comestibles
 e - 5 rations {!d}
 z - 2 chunks of flesh


   Skills:
 - Level 3.0 Fighting
 * Level 8.1 Axes
 + Level 5.7 Armour
 - Level 2.6 Shields


You had 7 spell levels left.
You didn't know any spells.
Your spell library contained the following spells:

 Spells                   Type           Power        Failure   Level  Hunger
 Confusing Touch          Hex            #.......     100%        3    ####...
 Gell's Gravitas          Tloc           #.........   100%        3    ####...
 Petrify                  Tmut/Erth      #.......     100%        4    #####..
 Metabolic Englaciation   Hex/Ice        #.........   100%        5    ######.
 Yara's Violent Unravell  Hex/Tmut       #.........   100%        5    ######.


Dungeon Overview and Level Annotations

Branches:
Dungeon (6/15)
 Temple: D:4-7

Altars:
Ru

Annotations:
D:5 Grinder


Innate Abilities, Weirdness & Mutations

You have sharp fingernails.
Your flesh is very heat resistant. (rF++)
When hurt, damage is shared between your health and your magic reserves.
When seriously injured, your bleeding wounds create thick armour. (AC +9)
You are covered in fur. (AC +1)
You evolve.


Message History

You are lethally poisoned!
The water moccasin poisons you!
You barely miss the water moccasin.
* * * LOW HITPOINT WARNING * * *
You feel very sick.
You block the water moccasin's attack. x2
You completely miss the water moccasin.
* * * LOW HITPOINT WARNING * * *
You feel very sick.
The water moccasin bites you but does no damage.
It was a potion of mutation.
You feel extremely strange.
You feel nature experimenting on you.
Don't worry, failures die fast.
Fur sprouts all over your body.
You feel more resistant to heat.
* * * LOW HITPOINT WARNING * * *
You feel very sick. The water moccasin bites you.
* * * LOW HITPOINT WARNING * * *
The water moccasin completely misses you.
It was a potion of flight.
You feel very buoyant.
You fly up into the air.
* * * LOW HITPOINT WARNING * * *
You feel sick. You block the water moccasin's attack.
Okay, then.
You completely miss the water moccasin.
* * * LOW HITPOINT WARNING * * *
You feel very sick.
The water moccasin bites you but does no damage.
You block the water moccasin's attack.
You slash the water moccasin!
* * * LOW HITPOINT WARNING * * *
You feel very sick. The water moccasin bites you!
* * * LOW HITPOINT WARNING * * *
The water moccasin bites you.
* * * LOW HITPOINT WARNING * * *
You barely miss the water moccasin.
* * * LOW HITPOINT WARNING * * *
You feel sick.
The water moccasin bites you but does no damage.
You barely miss the water moccasin.
* * * LOW HITPOINT WARNING * * *
You feel very sick.
The water moccasin bites you but does no damage. x2
You closely miss the water moccasin.
* * * LOW HITPOINT WARNING * * *
You feel sick.
The water moccasin bites you but does no damage.
You miss the water moccasin.
You die...

......# .......... ......##
#.?....... .......#
#...(..... .....#.#
#......... .....#.#
#.........
.#####.###########.......[.
...........................
######.........#S#.........
#.........#@#.........
#......)..#†#.........
#.........#.#.........
#.........#..........$
#.........#..........
#.........#.....#### #...
#....


You could see a water moccasin.

Vanquished Creatures
  Sigmund (D:4)
  A phantom (D:5)
  An ice beast (D:4)
  An ogre (D:5)
  A bullfrog (D:6)
  3 scorpions
  A crimson imp (D:5)
  A centaur zombie (D:5)
  A jelly (D:5)
  A quasit (D:5)
  A hound (D:4)
  A centaur skeleton (D:4)
  2 orc priests (D:4)
  An iguana (D:4)
  3 orc wizards
  4 worker ants
  Terence (D:2)
  A hound skeleton (D:4)
  4 gnolls
  7 adders
  An adder zombie (D:5)
  3 worms
  2 dart slugs
  5 leopard geckos
  19 orcs
  4 giant cockroaches
  4 goblins
  9 hobgoblins
  2 jackals (D:6)
  2 quokkas (D:6)
  2 ball pythons
  4 bats
  7 frilled lizards
  6 kobolds
  A quokka skeleton (D:4)
  2 rats (D:2)
110 creatures vanquished.

Notes
Turn   | Place    | Note
-------+----------+-------------------------------------------
     0 | D:1      | n0claF the Demonspawn Fighter began the quest for the Orb.
     0 | D:1      | Reached XP level 1. HP: 18/18 MP: 1/1
    40 | D:1      | Reached skill level 2 in Axes
   126 | D:1      | Gained mutation: You have sharp fingernails. [demonic
                  | ancestry]
   126 | D:1      | Reached XP level 2. HP: 24/24 MP: 2/2
   471 | D:2      | Reached skill level 3 in Axes
   502 | D:2      | Gained mutation: When seriously injured, your bleeding
                  | wounds create armour. (AC +9) [demonic ancestry]
   502 | D:2      | Reached XP level 3. HP: 28/29 MP: 3/3
  1133 | D:2      | Gained mutation: Your flesh is heat resistant. (rF+)
                  | [demonic ancestry]
  1133 | D:2      | Reached XP level 4. HP: 35/35 MP: 4/4
  1147 | D:2      | Found a sacrificial altar of Ru.
  1403 | D:3      | Reached skill level 4 in Axes
  1922 | D:3      | Found a faded altar of an unknown god.
  1945 | D:3      | Reached XP level 5. HP: 25/41 MP: 5/5
  2071 | D:3      | Noticed Terence
  2092 | D:2      | Killed Terence
  2200 | D:3      | HP: 2/41 [poisoned by a gnoll]
  2888 | D:4      | Noticed an ice beast
  3156 | D:4      | Reached skill level 5 in Axes
  3240 | D:4      | Killed an ice beast
  3240 | D:4      | Gained mutation: When hurt, damage is shared between your
                  | health and your magic reserves. [demonic ancestry]
  3240 | D:4      | Reached XP level 6. HP: 13/47 MP: 6/6
  3394 | D:4      | Identified the +1 ring mail "Zyrepn" {+Fly rF++ rC- MR-}
  3879 | D:4      | Reached skill level 6 in Axes
  3973 | D:4      | Reached XP level 7. HP: 51/52 MP: 7/7
  3992 | D:4      | Noticed Sigmund
  4007 | D:4      | Killed Sigmund
  4550 | D:5      | Entered Level 5 of the Dungeon
  4670 | D:5      | Reached skill level 7 in Axes
  4670 | D:5      | Reached skill level 5 in Armour
  4968 | D:5      | Gained mutation: When seriously injured, your bleeding
                  | wounds create thick armour. (AC +9) [demonic ancestry]
  4968 | D:5      | Reached XP level 8. HP: 37/58 MP: 4/8
  6042 | D:5      | Noticed Grinder
  6398 | D:5      | Paralysed by Grinder for 4 turns
  6595 | D:6      | Reached skill level 8 in Axes
  6619 | D:6      | Gained mutation: You evolve. [potion of mutation]
  6619 | D:6      | Gained mutation: You are covered in fur. (AC +1) [potion of
                  | mutation]
  6619 | D:6      | Gained mutation: Your flesh is very heat resistant. (rF++)
                  | [potion of mutation]
  6625 | D:6      | HP: 1/58 [poisoned by a water moccasin]
  6626 | D:6      | Succumbed to a water moccasin's poison

Levels and vault maps discovered:
D:1:      shiori_arrival_oz, layout_rooms, serial_glass, glass_columns_a,
          glass_columns_a
D:2:      layout_basic, nicolae_ru_the_path_less_chosen
D:3:      layout_loops_ring, chequers_ecumenical_altar_simple, uniq_terence
D:4:      layout_loops_ring, first_ration, grunt_tough_drop, uniq_sigmund
D:5:      layout_cave_pools, minmay_crystal_water, uniq_grinder
D:6:      layout_basic

Skill      XL: |  1  2  3  4  5  6  7  8 |
---------------+-------------------------+-----
Axes           | 2 3 4 5 6 7 8 |  8.1
Armour         | 3 4 5 |  5.7
Fighting       | |  3.0
Shields        | |  2.6

Action                   |  1- 3 |  4- 6 |  7- 9 || total
-------------------------+-------+-------+-------++-------
Melee: War axe           |   120 |   201 |   224 ||   545
  Use: Potion            |       |     1 |     3 ||     4
       Scroll            |       |       |    10 ||    10
  Eat: Chunk             |     1 |     6 |     5 ||    12
       Ration            |       |     1 |     1 ||     2
Armor: Ice dragon scales |    75 |   119 |       ||   194
       Ring mail         |       |     8 |   102 ||   110
Dodge: Dodged            |    30 |    60 |    75 ||   165
Block: Kite shield       |    58 |    95 |    87 ||   240

Table legend:
 A = Non-vault XP
 B = Vault XP
 C = Vault XP percentage of total XP
 D = Non-vault monster count
 E = Vault monster count
 F = Vault count percentage of total count
                 A         B        C        D         E       F
            +---------+---------+-------+---------+---------+-------
      Total |    1660 |     252 |  13.2 |     104 |       6 |   5.5
            +---------+---------+-------+---------+---------+-------
        D:1 |      25 |       4 |  13.8 |      13 |       2 |  13.3
        D:2 |      94 |      32 |  25.4 |      23 |       1 |   4.2
        D:3 |     135 |       0 |   0.0 |      13 |       0 |   0.0
        D:4 |     665 |     216 |  24.5 |      26 |       3 |  10.3
        D:5 |     621 |       0 |   0.0 |      20 |       0 |   0.0
        D:6 |     120 |       0 |   0.0 |       9 |       0 |   0.0
            +---------+---------+-------+---------+---------+-------
